 Dungeon Crawl Stone Soup version 0.22-a0-374-g5dfd9e3911 (webtiles) character file.

413281 MirrMurr the Slayer (level 22, -3/224 HPs)
             Began as a Centaur Berserker on Apr 22, 2018.
             Was the Champion of Trog.
             Splashed by a caustic shrike's acid (11 damage)
             ... on level 5 of the Depths on Apr 26, 2018.
             The game lasted 03:08:05 (57534 turns).

MirrMurr the Slayer (Centaur Berserker)            Turns: 57534, Time: 03:08:06

Health: -3/224     AC: 17    Str: 23    XL:     22   Next: 51%
Magic:  0/22       EV: 20    Int:  6    God:    Trog [******]
Gold:   1606       SH:  0    Dex: 16    Spells: 21/21 levels left

rFire    . . .     SeeInvis .   b - +1 demon trident (elec)
rCold    . . .     Gourm    .   (no shield)
rNeg     + . .     Faith    .   N - +2 storm dragon scales {Bai Suzhen}
rPois    +         Spirit   +   E - +2 hat of the Bear Spirit {Spirit, +Rage rN+ MR++}
rElec    +         Reflect  .   F - +1 cloak {+Inv}
rCorr    .         Harm     .   I - +1 pair of gloves
MR       ++++.                  g - +4 centaur barding
Stlth    ..........             t - amulet of regeneration
HPRegen  0.87/turn              M - ring of Phasing {EV+8}
MPRegen  0.18/turn              y - ring "Mubilout" {rPois MR+ Slay+2 Stlth+}

@: corroded, berserk cooldown, slowed
A: large, hooves 3, deformed body, speed 2, tough skin 3
}: 2/15 runes: serpentine, barnacled
a: Berserk, Trog's Hand, Brothers in Arms, Renounce Religion, Evoke Berserk
Rage, Evoke Invisibility


You were on level 5 of the Depths.
You worshipped Trog.
Trog was exalted by your worship.
You were very hungry.

You visited 9 branches of the dungeon, and saw 42 of its levels.
You visited 1 bazaar.
You also visited: Labyrinth.

You collected 4176 gold pieces.
You spent 2570 gold pieces at shops.

Inventory:

Hand Weapons
 a - a +9 longbow of venom
 b - a +1 demon trident of electrocution (weapon)
Missiles
 d - 2 throwing nets {!f}
 j - 1110 arrows
 s - 31 javelins of penetration
 x - 1624 stones (quivered)
Armour
 g - a +4 centaur barding (worn)
 E - the +2 hat of the Bear Spirit (worn) {Spirit, +Rage rN+ MR++}
   (You found it in a labyrinth)

   It protects you from negative energy.
   It affects your resistance to hostile enchantments.
   It lets you go berserk.
 F - a +1 cloak of invisibility (worn)
 I - a +1 pair of gloves (worn)
 N - +2 storm dragon scales (worn) {Bai Suzhen}
Jewellery
 t - an amulet of regeneration (around neck)
 y - the ring "Mubilout" (right hand) {rPois MR+ Slay+2 Stlth+}
   (You bought it in a shop on level 3 of the Snake Pit)

   [ring of poison resistance]

   It affects your accuracy and damage with ranged weapons and melee attacks
   (+2).
   It protects you from poison.
   It affects your resistance to hostile enchantments.
   It makes you more stealthy.
 M - the ring of Phasing (left hand) {EV+8}
   (You found it on level 2 of the Depths)

   [ring of evasion]

   It affects your evasion (+8).
 O - an uncursed ring of protection from magic
 R - an uncursed ring of protection from cold
 V - an uncursed ring of flight
 W - an uncursed ring of see invisible
 Y - an uncursed ring of resist corrosion
Wands
 o - a wand of iceblast (22)
 z - a wand of acid (16)
 D - a wand of digging (17)
 H - a wand of paralysis (26)
 P - a wand of scattershot (15)
Scrolls
 i - 6 scrolls of identify
 l - 2 scrolls of magic mapping
 n - 4 scrolls of fear
 r - 12 scrolls of remove curse
 B - 16 scrolls of teleportation
 K - 4 scrolls of blinking
 L - 7 scrolls of immolation
 T - 3 scrolls of fog
 Z - a scroll of silence
Potions
 e - a potion of invisibility
 f - 4 potions of ambrosia
 h - 21 potions of curing
 p - 4 potions of flight
 u - 7 potions of heal wounds
 w - 4 potions of haste
 A - 5 potions of agility
 G - 6 potions of might
 S - 4 potions of mutation
 U - a potion of cancellation
 X - a potion of resistance
Miscellaneous
 J - 2 boxes of beasts
 Q - a sack of spiders
Comestibles
 c - 40 rations
 k - 8 chunks of flesh


   Skills:
 * Level 24.6 Fighting
 - Level 14.0 Polearms
 - Level 20.0 Bows
 + Level 12.9 Armour
 + Level 12.9 Dodging


You had 21 spell levels left.
You didn't know any spells.

Dungeon Overview and Level Annotations

Branches:
Dungeon (15/15)            Temple (1/1) D:7            Lair (6/6) D:11
 Shoals (4/4) Lair:4        Snake (4/4) Lair:2        Slime (0/5) Lair:6
    Orc (2/2) D:12            Elf (0/3) Orc:2        Vaults (4/5) D:14
  Crypt (0/3) Vaults:2     Depths (5/5) D:15           Hell (1/1)
    Dis: Hell:1         Geh: Hell:1         Coc: Hell:1         Tar: Hell:1
    Zot: Depths:5

Altars:
Ashenzari
Dithmenos
Fedhas
Gozag
Kikubaaqudgha
Nemelex Xobeh
Trog
Vehumet
Wu Jian
Zin
The Shining One
Jiyva

Shops:
D:6 (   D:7 (   D:9 *==   Orc:2 **![   Shoals:3 !   Snake:3 }=}   Snake:4 (
Vaults:3 *   Vaults:4 ?

Portals:
Hell: Depths:1 Depths:2 Depths:3 Depths:4
Abyss: Depths:3 Depths:4
Pandemonium: Depths:2
Ziggurat: Depths:4

Annotations:
D:11 dig
D:13 exclusions: oklob plant and oklob sapling
Lair:6 1 runed door, exclusion: door
Hell Geryon


Innate Abilities, Weirdness & Mutations

You have hooves in place of feet.
Armour fits poorly on your strangely shaped body.
You cover ground very quickly.
You have extremely tough skin. (AC +3)


Message History

You closely miss the caustic shrike. Your kick misses the caustic shrike.
The caustic shrike is heavily wounded.
The caustic shrike claws you but does no damage.
The spriggan berserker utters an invocation to Trog.
The spriggan berserker goes berserk!
You feel a strong urge to attack something.
You are no longer berserk.
You are exhausted.
You feel yourself slow down.
The caustic shrike claws you but does no damage.
The caustic shrike claws you!
* * * LOW HITPOINT WARNING * * *
The acid corrodes you!
You are splashed with acid!
The acid burns!
* * * LOW HITPOINT WARNING * * *
There is a stone staircase leading up here.
Unknown command.
You feel much better. The caustic shrike claws you!!
* * * LOW HITPOINT WARNING * * *
You are splashed with acid!
The acid burns!
You die...

.. ... #######...
.##.########i........
..........cbi........
##.###.###Y......###
###.###.#....## .
#@bi#..)#.##.# c#
#####.#.#.# ....(#
#....c## ...
##.....##.#+
#.#+#....# #. ##c.##
#. ##.# #. .# ## ##


You could see a caustic shrike and a spriggan air mage.

Vanquished Creatures
  Bai Suzhen (Shoals:3)
  Vashnia (Snake:2)
  3 caustic shrikes
  A golden dragon (Depths:4)
  A Tzitzimitl (Depths:3)
  A tentacled monstrosity (Vaults:4)
  A lich (Depths:2)
  A sphinx (Depths:4)
  2 tengu reavers (Depths:4)
  A shadow dragon (Depths:3)
  Ilsuiw (Shoals:4)
  6 fire giants
  10 nagarajas
  4 frost giants
  3 deep elf sorcerers (Vaults:4)
  An orc warlord (D:12)
  2 iron dragons (Depths:4)
  14 vault wardens
  A caustic shrike zombie (Depths:2)
  11 ironheart preservers
  10 stone giants
  A war gargoyle (Depths:3)
  An entropy weaver (Vaults:3)
  16 very ugly things
  2 deep elf demonologists
  4 vampire knights
  Nessos (Lair:4)
  A deep elf annihilator (Vaults:4)
  A minotaur (Lab)
  2 eidola (Depths:3)
  7 spark wasps (Depths:2)
  8 ettins
  A deep elf death mage (Vaults:4)
  A crystal guardian (Vaults:3)
  3 fire dragons
  10 merfolk impalers
  6 merfolk javelineers
  6 great orbs of eyes
  Josephine (D:14)
  12 vault guards
  16 yaktaur captains
  8 hydras
  7 ice dragons
  A caustic shrike simulacrum (Depths:2)
  2 rakshasas
  A spriggan air mage (Depths:4)
  An alligator snapping turtle (Shoals:2)
  3 death knights
  14 naga warriors
  16 anacondas
  3 merfolk aquamancers (Shoals:4)
  3 merfolk avatars (Shoals:2)
  9 centaur warriors
  12 ogre magi
  A queen ant (Lair:3)
  5 satyrs
  A vampire mage (Depths:2)
  14 naga sharpshooters
  33 two-headed ogres
  3 tengu warriors
  5 orc high priests (Orc:2)
  A deep troll shaman (Depths:2)
  2 dancing weapons
  A titan zombie (Depths:2)
  Urug (D:15)
  3 deep troll earth magi
  8 shock serpents
  Sonja (D:15)
  3 deep elf knights
  5 hell knights (Depths:4)
  An iron troll (Depths:2)
  6 skeletal warriors
  4 shadow wraiths (Depths:3)
  A death drake (Depths:3)
  4 glowing orange brains
  13 sea snakes
  4 flayed ghosts
  2 spectral anacondas (Depths:3)
  A swamp dragon (shapeshifter) (Vaults:1)
  6 unseen horrors
  A spectral hydra (Depths:3)
  2 orange crystal statues (Depths:3)
  10 deep trolls
  6 wizards
  2 phantasmal warriors (Depths:3)
  9 naga ritualists
  12 deep elf archers
  14 ironbrand convokers
  19 harpies
  35 ugly things
  2 wolf spiders
  3 necromancers
  A faun (shapeshifter) (Vaults:3)
  A mana viper (shapeshifter) (Depths:4)
  18 orc knights
  10 mana vipers
  5 orc sorcerers
  A wolf spider zombie (Vaults:1)
  27 fauns
  9 manticores
  18 deep elf magi
  5 cyclopes
  9 salamanders
  4 water nymphs
  10 merfolk sirens
  3 centaur zombies
  15 guardian serpents
  14 vault sentinels
  46 black mambas
  21 naga magi
  A water nymph (shapeshifter) (Vaults:4)
  A spiny frog (shapeshifter) (Depths:1)
  A gargoyle (D:13)
  A centaur skeleton (D:12)
  10 spiny frogs
  57 yaktaurs
  3 rime drakes (Lair:6)
  11 freezing wraiths
  An efreet (D:15)
  3 spectral merfolk (Depths:3)
  23 merfolk
  2 tengu conjurers
  A yaktaur skeleton (Vaults:1)
  4 komodo dragons
  2 trolls
  A jumping spider (Vaults:3)
  2 polar bears (Lair:6)
  A tengu simulacrum (Depths:2)
  7 wind drakes
  3 hornets
  Grinder (D:5)
  5 raiju
  34 blink frogs
  The ghost of Satyr the Insei, an amateur DsTm (D:4)
  10 dream sheep
  45 slime creatures
  A slime creature (shapeshifter) (Depths:2)
  8 hippogriffs
  A hippogriff (shapeshifter) (Vaults:3)
  A spriggan zombie (Depths:2)
  6 snapping turtles
  4 shadows
  Sigmund (D:4)
  Eustachio (D:5)
  11 wraiths
  2 redbacks (Vaults:3)
  45 yaks
  2 vampires (Depths:3)
  4 wyverns
  3 fire bats (Lair:2)
  9 water elementals
  18 humans (D:14)
  A hungry ghost (D:14)
  A basilisk (Lair:2)
  A minotaur simulacrum (Depths:3)
  4 vampire mosquitoes (D:14)
  57 nagas
  14 wargs
  5 hell hounds
  15 soldier ants (Lair:3)
  12 water moccasins
  A floating eye (Depths:3)
  7 porcupines
  4 spectral spriggans (Depths:3)
  2 ice beasts
  2 spectral trolls (Depths:3)
  51 orc warriors
  A black bear (D:12)
  8 boggarts
  4 phantoms
  5 sky beasts
  14 wolves
  2 elephant zombies (Lair:4)
  34 ogres
  24 centaurs
  A human skeleton (Vaults:1)
  11 crocodiles
  3 big kobolds
  4 earth elementals
  22 bullfrogs
  2 wyvern skeletons
  2 scorpions
  6 spectral ogres (Depths:3)
  7 killer bees (D:10)
  2 human simulacra
  3 spectral nagas (Depths:3)
  5 wights
  3 electric eels
  A spectral centaur (Depths:3)
  3 howler monkeys
  7 crimson imps
  A bullfrog zombie (D:6)
  2 quasits
  5 jellies
  36 orc priests
  Crazy Yiuf (D:5)
  9 hounds
  A basilisk zombie (Lair:4)
  Ijyb (D:5)
  Terence (D:3)
  An iguana (D:9)
  20 orc wizards
  6 hell rats (Lair:5)
  35 worker ants
  2 hound skeletons
  3 gnolls (D:9)
  19 adders
  A shadow imp (D:11)
  An ooze (D:2)
  An adder zombie (D:8)
  A worm (D:3)
  6 leopard geckos
  106 orcs
  9 ball pythons
  10 bats
  7 giant cockroaches
  2 hobgoblins
  23 jackals
  8 quokkas
  7 frilled lizards
  6 goblins
  A jackal skeleton (D:6)
  13 kobolds
  11 rats
  6 plants
1778 creatures vanquished.

Vanquished Creatures (collateral kills)
  A naga ritualist (Snake:4)
  A mana viper (Snake:4)
  A black mamba (Snake:4)
3 creatures vanquished.

Vanquished Creatures (others)
  A fire giant (Depths:2)
  A great orb of eyes (Depths:2)
  A necromancer (D:14)
  12 fungi
  67 plants
82 creatures vanquished.

Grand Total: 1863 creatures vanquished

Notes
Turn   | Place    | Note
-------+----------+-------------------------------------------
     0 | D:1      | MirrMurr the Centaur Berserker began the quest for the Orb.
     0 | D:1      | Reached XP level 1. HP: 19/19 MP: 1/1
   515 | D:1      | Reached XP level 2. HP: 26/26 MP: 2/2
  1394 | D:2      | Reached ** piety under Trog
  1394 | D:2      | Reached XP level 3. HP: 25/31 MP: 3/3
  2499 | D:3      | Reached XP level 4. HP: 37/40 MP: 4/4
  2830 | D:3      | Noticed Terence
  2858 | D:3      | Killed Terence
  2858 | D:3      | Reached skill level 4 in Fighting
  2914 | D:3      | Noticed a sky beast
  2918 | D:3      | Found a sparkling altar of Nemelex Xobeh.
  2953 | D:3      | Killed a sky beast
  2953 | D:3      | Reached skill level 5 in Polearms
  2953 | D:3      | Reached XP level 5. HP: 31/47 MP: 5/5
  2954 | D:3      | Reached *** piety under Trog
  3358 | D:4      | Noticed Sigmund
  3364 | D:4      | Killed Sigmund
  3364 | D:4      | Reached XP level 6. HP: 55/55 MP: 6/6
  3506 | D:4      | Reached skill level 5 in Fighting
  3584 | D:4      | Reached XP level 7. HP: 61/61 MP: 7/7
  3703 | D:4      | Noticed Satyr's ghost (amateur DsTm)
  3797 | D:4      | Killed Satyr's ghost
  4342 | D:5      | Entered Level 5 of the Dungeon
  4369 | D:5      | Noticed Grinder
  4476 | D:5      | Killed Grinder
  4476 | D:5      | Reached skill level 6 in Fighting
  4476 | D:5      | Reached XP level 8. HP: 70/70 MP: 8/8
  4609 | D:5      | Noticed Eustachio
  4630 | D:5      | Killed Eustachio
  4798 | D:5      | Noticed Ijyb
  4814 | D:5      | Killed Ijyb
  4858 | D:5      | Identified a scroll of acquirement
  5074 | D:5      | Reached skill level 7 in Fighting
  5120 | D:5      | Found a runed door.
  5124 | D:5      | Noticed Crazy Yiuf
  5130 | D:5      | Killed Crazy Yiuf
  5586 | D:6      | Found a shadowy altar of Dithmenos.
  5662 | D:6      | Found a shattered altar of Ashenzari.
  5694 | D:6      | Found Uphiul's Antique Weapon Boutique.
  5700 | D:6      | Bought a glowing shortbow for 144 gold pieces
  5763 | D:6      | Reached **** piety under Trog
  5763 | D:6      | Reached skill level 1 in Bows
  5875 | D:6      | Found a bloodstained altar of Trog.
  5876 | D:6      | Found a radiant altar of Vehumet.
  6267 | D:7      | Reached XP level 9. HP: 78/79 MP: 9/9
  6281 | D:7      | Found Boisokej's Weapon Boutique.
  6674 | D:7      | Received a gift from Trog
  7035 | D:7      | Found a staircase to the Ecumenical Temple.
  7045 | Temple   | Entered the Ecumenical Temple
  7354 | D:8      | Reached skill level 5 in Bows
  7852 | D:8      | Reached skill level 8 in Fighting
  7855 | D:8      | Found an opulent altar of Gozag.
  8717 | D:9      | Noticed a two-headed ogre
  8737 | D:9      | Killed a two-headed ogre
  8767 | D:9      | Reached XP level 10. HP: 90/90 MP: 10/10
  8845 | D:9      | Found Togohyre's Jewellery Emporium.
  9289 | D:9      | Found Nonin's Assorted Antiques.
  9321 | D:9      | Found Ecel Lyu's Jewellery Shoppe.
  9445 | D:9      | Reached skill level 10 in Polearms
  9535 | D:10     | Entered Level 10 of the Dungeon
  9861 | D:10     | Reached skill level 9 in Fighting
  9871 | D:10     | Reached ***** piety under Trog
 10201 | D:10     | Reached skill level 10 in Bows
 10501 | D:11     | Killed an unseen horror
 11289 | D:11     | Noticed a purple ugly thing
 11310 | D:11     | Killed a purple ugly thing
 11456 | D:11     | Found a blossoming altar of Fedhas.
 11595 | D:11     | Found a staircase to the Lair.
 11597 | D:11     | Reached XP level 11. HP: 97/97 MP: 11/11
 11869 | Lair:1   | Entered Level 1 of the Lair of Beasts
 11869 | Lair:1   | Noticed a seven-headed hydra
 11889 | Lair:1   | Killed a seven-headed hydra
 12357 | Lair:1   | Received a gift from Trog
 12363 | Lair:1   | Reached skill level 10 in Fighting
 12973 | Lair:2   | Found a staircase to the Snake Pit.
 12997 | Lair:2   | Received a gift from Trog
 13922 | Lair:2   | Reached XP level 12. HP: 108/108 MP: 12/12
 14182 | Lair:2   | Reached skill level 11 in Fighting
 14661 | Lair:3   | Received a gift from Trog
 14776 | Lair:3   | Noticed an eight-headed hydra
 14788 | Lair:3   | Killed an eight-headed hydra
 14788 | Lair:3   | Reached skill level 15 in Bows
 15102 | Lair:3   | Noticed a queen ant
 15174 | Lair:3   | Killed a queen ant
 15946 | Lair:3   | Noticed an eight-headed hydra
 16070 | Lair:3   | Killed an eight-headed hydra
 16286 | Lair:3   | Reached XP level 13. HP: 107/117 MP: 13/13
 16402 | Lair:4   | Noticed Nessos
 16576 | Lair:4   | Killed Nessos
 16924 | Lair:4   | Received a gift from Trog
 16924 | Lair:4   | Reached skill level 12 in Fighting
 17352 | Lair:4   | Received a gift from Trog
 17767 | Lair:4   | Found a staircase to the Shoals.
 17836 | Lair:4   | Received a gift from Trog
 18195 | Lair:5   | Found an ornate altar of the Wu Jian Council.
 18714 | Lair:6   | Entered Level 6 of the Lair of Beasts
 18748 | Lair:6   | Found a runed door.
 18760 | Lair:6   | Found a viscous altar of Jiyva.
 18762 | Lair:6   | Noticed an acid blob
 18763 | Lair:6   | Found a staircase to the Slime Pits.
 18812 | Lair:6   | Reached ****** piety under Trog
 18819 | Lair:6   | Received a gift from Trog
 19373 | Lair:6   | HP: 5/119 [spiny frog (3)]
 20370 | Lair:6   | Reached XP level 14. HP: 127/127 MP: 14/14
 20373 | Lair:6   | Received a gift from Trog
 20376 | Lair:6   | Got a faintly humming hat
 20382 | Lair:6   | Identified the +2 hat of Yxtaeps {rC+} (You found it on level 6 of the Lair of Beasts)
 20421 | Lair:6   | Got a brightly glowing copper ring
 20633 | Lair:6   | Identified the ring of Untruth {Wiz rN+} (You found it on level 6 of the Lair of Beasts)
 20861 | D:12     | Found a labyrinth entrance.
 20920 | Lab      | Entered a labyrinth
 21334 | Lab      | Found the +2 hat of the Bear Spirit {Spirit, +Rage rN+ MR++}
 21410 | D:12     | Found a staircase to the Orcish Mines.
 21527 | D:12     | Reached skill level 13 in Fighting
 21630 | D:12     | Received a gift from Trog
 22124 | D:13     | Received a gift from Trog
 22881 | D:14     | Noticed Josephine
 22894 | D:14     | Killed Josephine
 24166 | D:14     | Received a gift from Trog
 24318 | D:14     | Found a gate to the Vaults.
 24381 | D:14     | Received a gift from Trog
 24830 | D:15     | Entered Level 15 of the Dungeon
 24837 | D:15     | Noticed Urug
 24852 | D:15     | Killed Urug
 25331 | D:15     | Reached skill level 14 in Fighting
 25663 | D:15     | Found a staircase to the Depths.
 25979 | D:15     | Reached XP level 15. HP: 122/139 MP: 15/15
 26047 | D:15     | Noticed Sonja
 26055 | D:15     | Killed Sonja
 26328 | Orc:1    | Entered Level 1 of the Orcish Mines
 26355 | Orc:1    | Noticed an orc warlord
 26419 | D:12     | Killed an orc warlord
 26854 | Orc:1    | Received a gift from Trog
 26981 | Orc:2    | Entered Level 2 of the Orcish Mines
 27246 | Orc:2    | Found a staircase to the Elven Halls.
 27278 | Orc:2    | Found a bloodstained altar of Trog.
 27621 | Orc:2    | Received a gift from Trog
 27651 | Orc:2    | Reached skill level 15 in Fighting
 28188 | Orc:2    | Found Daos's Antique Armour Boutique.
 28191 | Orc:2    | Found Riffymay's Assorted Antiques.
 28192 | Orc:2    | Found Saickis's Assorted Antiques.
 28193 | Orc:2    | Found Oxeufer's Distillery.
 28197 | Orc:2    | Bought a yellow potion for 27 gold pieces
 28197 | Orc:2    | Bought a translucent silver ring for 155 gold pieces
 28197 | Orc:2    | Identified the ring of the Evening {rPois MP+9} (You bought it in a shop on level 2 of the Orcish Mines)
 28398 | Snake:1  | Entered Level 1 of the Snake Pit
 29050 | Snake:1  | Found a glowing golden altar of the Shining One.
 30112 | Snake:1  | Received a gift from Trog
 30112 | Snake:1  | Reached skill level 16 in Fighting
 31386 | Snake:2  | Reached XP level 16. HP: 152/152 MP: 16/16
 31900 | Snake:2  | Noticed Vashnia
 32006 | Snake:2  | Killed Vashnia
 32006 | Snake:2  | Reached skill level 5 in Armour
 32006 | Snake:2  | Reached skill level 5 in Dodging
 32717 | Snake:3  | Found Waittoru's Gadget Emporium.
 32717 | Snake:3  | Found Kunwysho's Jewellery Boutique.
 32718 | Snake:3  | Found Cezoqiv's Gadget Emporium.
 32728 | Snake:3  | Bought the ring "Mubilout" {rPois MR+ Slay+2 Stlth+} for 832 gold pieces
 32731 | Snake:3  | Bought a wand of digging (14) for 360 gold pieces
 32768 | Snake:3  | Received a gift from Trog
 32992 | Snake:3  | Reached skill level 17 in Fighting
 33208 | Snake:3  | Received a gift from Trog
 34010 | Snake:4  | Entered Level 4 of the Snake Pit
 34051 | Snake:4  | Found Ynue's Antique Weapon Shop.
 34109 | Snake:4  | Received a gift from Trog
 34236 | Snake:4  | Got a shimmering centaur barding
 34237 | Snake:4  | Identified the +0 centaur barding of Shielding {-Tele rElec rF++ Dex+2} (You acquired it on level 4 of the Snake Pit)
 34974 | Snake:4  | Received a gift from Trog
 35093 | Snake:4  | Reached XP level 17. HP: 118/163 MP: 17/17
 35120 | Snake:4  | Reached skill level 18 in Fighting
 35171 | Snake:4  | Received a gift from Trog
 36158 | Snake:4  | Received a gift from Trog
 36384 | Snake:4  | Got a serpentine rune of Zot
 36766 | Shoals:1 | Entered Level 1 of the Shoals
 37926 | Shoals:2 | Reached skill level 19 in Fighting
 38587 | Shoals:3 | Found Isuate's Distillery.
 38594 | Shoals:3 | Bought a potion of haste for 160 gold pieces
 38605 | Shoals:3 | Noticed Bai Suzhen
 39111 | Shoals:3 | Received a gift from Trog
 39111 | Shoals:3 | Reached XP level 18. HP: 112/176 MP: 18/18
 39673 | Shoals:3 | Received a gift from Trog
 40073 | Shoals:3 | Killed Bai Suzhen
 40533 | Shoals:4 | Entered Level 4 of the Shoals
 40663 | Shoals:4 | Received a gift from Trog
 40943 | Shoals:4 | Received a gift from Trog
 41154 | Shoals:4 | Received a gift from Trog
 41227 | Shoals:4 | Got a faintly glowing granite ring
 41228 | Shoals:4 | Identified the ring "Folu" {*Tele rN+ MP-9 Int+2 Slay+2 Stlth+} (You found it on level 4 of the Shoals)
 41439 | Shoals:4 | Got a barnacled rune of Zot
 41455 | Shoals:4 | Reached skill level 20 in Fighting
 41489 | Shoals:4 | Noticed Ilsuiw
 41711 | Shoals:4 | Killed Ilsuiw
 42082 | Shoals:4 | Identified the Papyrus of Talismans and Necromancy
 42419 | Vaults:1 | Entered Level 1 of the Vaults
 42573 | Vaults:1 | Received a gift from Trog
 43136 | Vaults:1 | Received a gift from Trog
 43418 | Vaults:1 | Reached XP level 19. HP: 187/187 MP: 19/19
 44291 | Vaults:1 | Received a gift from Trog
 44458 | Vaults:2 | Reached skill level 21 in Fighting
 44683 | Vaults:2 | Received a gift from Trog
 45313 | Vaults:2 | Identified Utaq's Handbook of Transmigration
 45348 | Vaults:2 | Reached skill level 10 in Armour
 45348 | Vaults:2 | Reached skill level 10 in Dodging
 45414 | Vaults:2 | Received a gift from Trog
 45577 | Vaults:2 | Found a staircase to the Crypt.
 45739 | Vaults:2 | Received a gift from Trog
 46265 | Vaults:3 | Found Qir Kig's Assorted Antiques.
 46723 | Vaults:3 | Reached XP level 20. HP: 200/200 MP: 20/20
 46869 | Vaults:3 | Received a gift from Trog
 47076 | Vaults:3 | Received a gift from Trog
 47162 | Vaults:3 | Got a smoking turquoise ring
 47205 | Vaults:3 | Identified the ring "Idiune" {rC+ Int+4} (You took it off an orc warrior on level 3 of the Vaults)
 47267 | Vaults:3 | Received a gift from Trog
 47267 | Vaults:3 | Reached skill level 22 in Fighting
 47840 | Vaults:3 | Received a gift from Trog
 48385 | Vaults:3 | Upgraded the game from 0.22-a0-367-gb72a975701 to 0.22-a0-369-gc73351f94e
 48385 | Vaults:3 | @> I'm a little tipsy right now. Is this a good idea?
 48681 | Vaults:4 | Found Niock's Magic Scroll Shop.
 48689 | Vaults:4 | Bought 2 scrolls of enchant weapon for 255 gold pieces
 48749 | Vaults:4 | Received a gift from Trog
 50095 | Vaults:4 | Received a gift from Trog
 50582 | D:11     | Got a slimy pewter ring
 50590 | D:11     | Identified the ring "Seumae" {*Corrode rC+ rN+++ Int+5 Slay-3} (You found it on level 11 of the Dungeon)
 50742 | Depths:1 | Entered Level 1 of the Depths
 50767 | Depths:1 | Received a gift from Trog
 50946 | Depths:1 | Received a gift from Trog
 50946 | Depths:1 | Reached XP level 21. HP: 185/210 MP: 18/21
 50960 | D:15     | Reached skill level 23 in Fighting
 51259 | Depths:1 | Found a gateway to Hell.
 52138 | Depths:2 | Found a flickering gateway to a bazaar.
 52222 | Depths:2 | Found the ring of Phasing {EV+8}
 52482 | Depths:2 | Received a gift from Trog
 52783 | Depths:2 | Found a one-way gate leading to the halls of Pandemonium.
 53144 | Hell     | Entered the Vestibule of Hell
 53144 | Hell     | Noticed Geryon
 53177 | Bazaar   | Entered a bazaar
 53191 | Bazaar   | Found Bete's Book Shoppe.
 53191 | Bazaar   | Found Gizxaxisch's Antique Armour Emporium.
 53212 | Bazaar   | Found Redgho Oxzi's Antique Weapon Shoppe.
 53212 | Bazaar   | Found Voxoem Biplo's Weapon Emporium.
 53233 | Bazaar   | Found Irhoruaq's Magic Scroll Shoppe.
 53233 | Bazaar   | Found Donuh's Book Emporium.
 53243 | Bazaar   | Bought a scroll of blinking for 105 gold pieces
 53243 | Bazaar   | Bought a scroll of teleportation for 42 gold pieces
 53243 | Bazaar   | Bought 2 scrolls of enchant weapon for 210 gold pieces
 53243 | Bazaar   | Bought a scroll of fog for 28 gold pieces
 53243 | Bazaar   | Bought a scroll of enchant weapon for 105 gold pieces
 53243 | Bazaar   | Bought a scroll of fog for 28 gold pieces
 53243 | Bazaar   | Bought a scroll of identify for 28 gold pieces
 53243 | Bazaar   | Bought a scroll of teleportation for 42 gold pieces
 53243 | Bazaar   | Bought a scroll of immolation for 49 gold pieces
 54222 | Depths:3 | Received a gift from Trog
 54406 | Depths:3 | Received a gift from Trog
 54532 | Depths:3 | Received a gift from Trog
 54733 | Depths:3 | Received a gift from Trog
 54776 | Depths:3 | Found a one-way gate to the infinite horrors of the Abyss.
 55041 | Depths:3 | Reached skill level 24 in Fighting
 55208 | Depths:3 | Reached XP level 22. HP: 87/222 MP: 6/22
 56178 | Depths:3 | Upgraded the game from 0.22-a0-369-gc73351f94e to 0.22-a0-374-g5dfd9e3911
 56199 | Depths:4 | Received a gift from Trog
 56428 | Depths:4 | Found an ancient bone altar of Kikubaaqudgha.
 56811 | Depths:4 | Found a gateway to a ziggurat.
 57055 | Depths:4 | Noticed a caustic shrike
 57055 | Depths:4 | Noticed a golden dragon
 57091 | Depths:4 | Killed a caustic shrike
 57159 | Depths:4 | Killed a golden dragon
 57395 | Depths:4 | Identified the Volume of Summoning and Stones
 57463 | Depths:5 | Entered Level 5 of the Depths
 57490 | Depths:5 | Noticed a caustic shrike
 57491 | Depths:5 | Noticed a caustic shrike
 57491 | Depths:5 | Noticed a caustic shrike
 57491 | Depths:5 | Noticed a caustic shrike
 57492 | Depths:5 | Noticed a caustic shrike
 57518 | Depths:5 | Killed a caustic shrike
 57521 | Depths:5 | Killed a caustic shrike
 57533 | Depths:5 | HP: 10/224 [caustic shrike (9)]
 57533 | Depths:5 | HP: 2/224 [acid (8)]
 57534 | Depths:5 | Splashed by a caustic shrike's acid

Vault maps used:
D:1:      dpeg_arrival_water_temple_mockup, serial_forest,
          infiniplex_forest_lined_3, infiniplex_forest_lined_2,
          infiniplex_forest_zigzag_1, infiniplex_forest_diagonal
D:3:      lemuel_crystal_altar, uniq_terence
D:4:      roderic_filled_cross, uniq_sigmund
D:5:      first_ration, uniq_grinder, uniq_eustachio, uniq_crazy_yiuf_cottage,
          uniq_ijyb
D:6:      gammafunk_temple_overflow_pools, ashenzari_conservatory_becter,
          lemuel_round_altar, serial_shops, nicolae_shop_statue_plus
D:7:      minmay_temple_entry_glass, serial_shops,
          nicolae_shop_competitors_out_of_business
D:8:      lemuel_crystal_altar
D:9:      serial_shops, shop, shop, kennysheep_mini_moat, blue_anna_alchemist,
          st_stairs_6
D:10:     minmay_stone_box, minmay_misc_feat_four_crosses
D:11:     erik_lair_orcish_takeover, basic_loot_grate_trap,
          minmay_misc_feat_doors, fedhas_altar_1
D:12:     orc_0_dummy, lab_entry_generic
D:13:     introduction_to_nature_2
D:14:     grunt_vaults_entry_tiered, minivault_27, uniq_josephine
D:15:     grunt_enter_depths_snipers, hangedman_abyss_or_decor_stagger,
          uniq_urug, uniq_sonja
Temple:   nicolae_temple_elliptical
Lair:1:   beast_lair_carwin_large_2, serial_bayou_shore_b, serial_bayou_shore_a
Lair:2:   minmay_snake_entry_guardpost_small, grunt_megastairs_3
Lair:3:   portal_ice_cave_entry_pillars_1, serial_bayou_pond_b, zaba_anthell
Lair:4:   pond_and_an_island_with_a_cottage, minmay_shoals_entry_lonely_mermaid,
          uniq_nessos
Lair:5:   basic_altar, minivault_19
Lair:6:   evil_forest, slime_altar_2
Shoals:2: nicolae_shoals_mertower
Shoals:3: serial_shops, shop_statue, uniq_bai_suzhen
Shoals:4: shoals_end_grunt_garden, shoal_ilsuiw, ldierk_geyser
Snake:1:  basic_altar, nicolae_snake_springs
Snake:2:  grunt_megastairs_5, uniq_vashnia
Snake:3:  minmay_shop_grove
Snake:4:  grunt_snake_rune_serpentine_throne, serial_shops,
          nicolae_shop_statue_plus
Orc:2:    st_orc_pillars, basic_altar
Vaults:1: ontoclasm_vaults_fault, v_rooms_1, vaults_standard_mumra_x,
          hangedman_vaults_slither, vaults_room_pools, st_check,
          ontoclasm_vaults_chip
Vaults:2: v_rooms_6, nicolae_vaults_big_angled_halls, blue_anna_dwarven_crypt,
          v_misc_16, vaults_dpeg_diagonal, v_misc_25,
          hangedman_vaults_stretched_pinwheel, ontoclasm_vaults_ring_square,
          v_misc_4, hangedman_vaults_river_flow
Vaults:3: nicolae_vaults_octagons, v_misc_16, v_misc_24, vaults_room_pools,
          dpeg_vaults_monster_box, v_rooms_3, vaults_room_door_hall,
          vaults_room_corners, v_misc_5, vaults_dpeg_cross,
          nicolae_vaults_border_crossing, serial_shops, shop
Vaults:4: v_misc_18, nicolae_vaults_network_barrier, nicolae_vaults_asterisk,
          vaults_dpeg_doors, ontoclasm_vaults_bender,
          nicolae_vaults_twisting_passages, hangedman_vaults_capsules,
          nicolae_vaults_little_ls, vaults_mumra_hex, v_misc_29,
          vaults_mumra_chevron_long, vaults_mumra_lcd, v_misc_22, serial_shops,
          shop
Depths:1: hangedman_geh_valley, serial_sigils_hangedman_gnaw, st_stairs_12,
          lemuel_flamethrower_3, serial_bayou_shore_b, grunt_megastairs_1
Depths:2: kennysheep_ambush_hall, serial_shops, freezing_bzr,
          nicolae_benzene_ring, hell_entry, pan_entry,
          kennysheep_generic_room_7, infiniplex_staircase_squiggle
Depths:3: lemuel_river_lethe, abyss_entry, pan_entry, hell_entry
Depths:4: minmay_shrinking_squares, enter_ziggurat_b, grunt_metal_band,
          kennysheep_flooded_box, serial_glass, glass_columns_a,
          glass_columns_b, abyss_entry
Depths:5: grunt_zot_entry_gee_three, grunt_decor_resistance,
          hangedman_tar_grid_catacomb
Lab:      labyrinth_hidden_loot, nicolae_lab_flowing_pool
Bazaar:   bazaar_short_row

Skill      XL: |  1  2  3  4  5  6  7  8  9 10 11 12 13 14 15 16 17 18 19 20 21 |
---------------+----------------------------------------------------------------+-----
Polearms       | 3 4 5 6 7 9 10 11 12 13 14 | 14.0
Fighting       | 4 5 6 7 8 9 10 11 12 14 16 17 19 20 21 22 24 | 24.6
Bows           | 2 8 11 14 16 18 20 | 20.0
Dodging        | 4 6 8 9 10 11 12 | 12.9
Armour         | 4 6 8 9 10 11 12 | 12.9

Action                   |  1- 3 |  4- 6 |  7- 9 | 10-12 | 13-15 | 16-18 | 19-21 | 22-24 || total
-------------------------+-------+-------+-------+-------+-------+-------+-------+-------++-------
Melee: Spear             |   145 |   119 |   323 |   274 |   312 |   131 |       |       ||  1304
       Kick              |    18 |    24 |    71 |    83 |    88 |    74 |    10 |    24 ||   392
       Shortbow          |       |       |       |     1 |       |       |       |       ||     1
       Halberd           |       |       |       |    16 |       |       |       |       ||    16
       Longbow           |       |       |       |       |     2 |     1 |       |       ||     3
       Trident           |       |       |       |       |       |    71 |       |       ||    71
       Demon trident     |       |       |       |       |       |    24 |    25 |    72 ||   121
 Fire: Shortbow          |       |       |    87 |   436 |       |       |       |       ||   523
       Longbow           |       |       |       |   204 |  1428 |  1666 |  2269 |   293 ||  5860
Throw: Stone             |     7 |       |     3 |       |       |       |       |       ||    10
Invok: Berserk           |     2 |     3 |     6 |     2 |     7 |     3 |     1 |     1 ||    25
       Trog's Hand       |       |     1 |     4 |     2 |     9 |    15 |    13 |       ||    44
       Brothers in Arms  |       |       |       |       |       |     1 |     1 |       ||     2
 Abil: Evoke Flight      |       |       |       |       |       |       |     2 |     3 ||     5
       Stop Flying       |       |       |       |       |       |       |     1 |     2 ||     3
Evoke: Wand              |       |       |       |       |     1 |     1 |     1 |       ||     3
  Use: Scroll            |     4 |     4 |    13 |    11 |    18 |    11 |    12 |     4 ||    77
       Potion            |       |       |       |       |     7 |       |     1 |     1 ||     9
  Eat: Chunk             |     5 |     7 |    16 |    21 |    38 |    27 |    28 |     4 ||   146
       Ration            |       |       |     1 |       |     3 |     4 |     1 |     1 ||    10
Armor: Animal skin       |     9 |       |       |       |       |       |       |       ||     9
       Leather armour    |    16 |       |       |       |       |       |       |       ||    16
       Ring mail         |     5 |    40 |   119 |   140 |    62 |       |       |       ||   366
       Fire dragon scale |       |       |       |       |   265 |   349 |       |       ||   614
       Storm dragon scal |       |       |       |       |       |   126 |   371 |   105 ||   602
Dodge: Dodged            |    33 |    19 |    80 |   116 |   222 |   466 |   397 |    75 ||  1408

Table legend:
 A = Spawn XP
 B = Non-spawn XP
 C = Spawn XP percentage of total XP
 D = Spawn monster count
 E = Non-spawn monster count
 F = Spawn count percentage of total count
 G = Total turns spent on level
                    A         B        C        D         E        F      G
               +---------+---------+-------+---------+---------+-------+---------
         Total |       0 |  775704 |   0.0 |       0 |    1776 |   0.0 | 57534
               +---------+---------+-------+---------+---------+-------+---------
           D:1 |       0 |      34 |   0.0 |       0 |      22 |   0.0 |  1637
           D:2 |       0 |      55 |   0.0 |       0 |      16 |   0.0 |   829
           D:3 |       0 |     230 |   0.0 |       0 |      31 |   0.0 |   826
           D:4 |       0 |     809 |   0.0 |       0 |      17 |   0.0 |  1165
           D:5 |       0 |    1283 |   0.0 |       0 |      34 |   0.0 |   942
           D:6 |       0 |     314 |   0.0 |       0 |      11 |   0.0 |   956
           D:7 |       0 |     708 |   0.0 |       0 |      23 |   0.0 |   871
           D:8 |       0 |     875 |   0.0 |       0 |      18 |   0.0 |  1398
           D:9 |       0 |    1707 |   0.0 |       0 |      18 |   0.0 |   978
          D:10 |       0 |    2348 |   0.0 |       0 |      26 |   0.0 |  1067
          D:11 |       0 |    2806 |   0.0 |       0 |      20 |   0.0 |  1315
          D:12 |       0 |    8390 |   0.0 |       0 |      40 |   0.0 |  1017
          D:13 |       0 |    5212 |   0.0 |       0 |      30 |   0.0 |   847
          D:14 |       0 |   17878 |   0.0 |       0 |      66 |   0.0 |  2490
          D:15 |       0 |   12498 |   0.0 |       0 |      19 |   0.0 |  1240
        Lair:1 |       0 |    3736 |   0.0 |       0 |      19 |   0.0 |  1324
        Lair:2 |       0 |    9985 |   0.0 |       0 |      47 |   0.0 |  2360
        Lair:3 |       0 |   13416 |   0.0 |       0 |      73 |   0.0 |  2059
        Lair:4 |       0 |   10838 |   0.0 |       0 |      45 |   0.0 |  1604
        Lair:5 |       0 |    2846 |   0.0 |       0 |      16 |   0.0 |   621
        Lair:6 |       0 |   13168 |   0.0 |       0 |      39 |   0.0 |  1959
      Shoals:1 |       0 |   10810 |   0.0 |       0 |      20 |   0.0 |   746
      Shoals:2 |       0 |   24608 |   0.0 |       0 |      44 |   0.0 |  2017
      Shoals:3 |       0 |   20759 |   0.0 |       0 |      29 |   0.0 |  1055
      Shoals:4 |       0 |   35482 |   0.0 |       0 |      60 |   0.0 |  1647
       Snake:1 |       0 |   24932 |   0.0 |       0 |      48 |   0.0 |  1872
       Snake:2 |       0 |   25276 |   0.0 |       0 |      37 |   0.0 |  1648
       Snake:3 |       0 |   12571 |   0.0 |       0 |      28 |   0.0 |  1579
       Snake:4 |       0 |   69592 |   0.0 |       0 |     118 |   0.0 |  2367
         Orc:1 |       0 |    2096 |   0.0 |       0 |      30 |   0.0 |   567
         Orc:2 |       0 |   11425 |   0.0 |       0 |      96 |   0.0 |  1337
      Vaults:1 |       0 |   61443 |   0.0 |       0 |     107 |   0.0 |  2057
      Vaults:2 |       0 |   49116 |   0.0 |       0 |      76 |   0.0 |  1812
      Vaults:3 |       0 |   61571 |   0.0 |       0 |     115 |   0.0 |  2339
      Vaults:4 |       0 |   59359 |   0.0 |       0 |      82 |   0.0 |  1850
      Depths:1 |       0 |   41692 |   0.0 |       0 |      53 |   0.0 |  1272
      Depths:2 |       0 |   39260 |   0.0 |       0 |      50 |   0.0 |  1496
      Depths:3 |       0 |   53478 |   0.0 |       0 |     110 |   0.0 |  2506
      Depths:4 |       0 |   51345 |   0.0 |       0 |      39 |   0.0 |  1282
      Depths:5 |       0 |   10545 |   0.0 |       0 |       3 |   0.0 |    71
           Lab |       0 |    1208 |   0.0 |       0 |       1 |   0.0 |   421
               +---------+---------+-------+---------+---------+-------+---------
